 Dungeon Crawl Stone Soup version 0.31-a0-344-gd109795599 (webtiles) character file.

Game seed: 15002645160881954222

2849 garrulousMonolith the Sneak (level 9, -18/91 HPs)
             Began as an Octopode Shapeshifter on July 21, 2023.
             Was an Initiate of Wu Jian.
             Killed from afar by a steam dragon (20 damage)
             ... with a ball of steam
             ... on level 8 of the Dungeon.
             The game lasted 00:06:36 (7014 turns).

garrulousMonolith the Sneak (Octopode Shapeshifter) Turns: 7014, Time: 00:06:37

Health: -18/91     AC:  1    Str: 17    XL:     9   Next: 74%
Magic:  9/9        EV: 15    Int: 10    God:    Wu Jian [......]
Gold:   427        SH:  0    Dex: 14    Spells: 8/8 levels left

rFire   . .          .
                       - Unarmed
rCold   . . .        (no shield)
rNeg    . . .        (helmet currently unavailable)
rPois   .            (no amulet)
rElec   .            s - ring of see invisible
rCorr   .            (no ring)
SInv    +            (no ring)
Will    .....        (no ring) Stlth
                     (no ring)
HPRegen 0.35/turn    (no ring)
MPRegen 0.11/turn    (no ring)
                     (no ring)

%: no passive effects
@: berserking, beast-form, very quick
A: beast (slay +5), almost no armour, amphibious, 8 rings, camouflage 1,
gelatinous body 1, (nimble swimmer 1), tentacles
a: Begin Untransformation, Renounce Religion


You were on level 8 of the Dungeon.
You worshipped Wu Jian.
Wu Jian was noncommittal.
You were a hulking beast.
You visited 2 branches of the dungeon, and saw 9 of its levels.

You collected 427 gold pieces.

Inventory:

Missiles
 l - 16 poisoned darts (quivered)
 r - 6 javelins
Armour
 m - an orb of wrath
 n - a +2 hat
Magical Staves
 o - a staff of air
Jewellery
 s - a ring of see invisible (left tentacle)
 t - a ring of willpower
Talismans
 b - a beast talisman
Wands
 w - a wand of polymorph (17)
 y - a wand of digging (8)
Scrolls
 c - a scroll of silence
 e - a scroll of immolation {unknown}
 f - 3 scrolls of teleportation {unknown}
 j - 2 scrolls of fear {unknown}
 k - a scroll of blinking {unknown}
 p - a scroll of vulnerability {unknown}
 q - a scroll of torment {unknown}
Potions
 a - a potion of lignification
 g - a potion of mutation
 i - a potion of cancellation
 u - a potion of berserk rage
 v - a potion of attraction
 x - a potion of ambrosia


   Skills:
 + Level 5.3 Fighting
 + Level 5.7 Dodging
 + Level 7.3 Stealth
 + Level 6.0 Unarmed Combat
 * Level 7.1 Shapeshifting


You had 8 spell levels left.
You didn't know any spells.
Your spell library contained the following spells:

 Spells                   Type           Power      Damage    Failure   Level
 Apportation              Tloc           0%         N/A       36%         1
 Freeze                   Ice            0%         1d3       36%         1
 Frozen Ramparts          Ice            0%         1d1       75%         3
 Hailstorm                Conj/Ice       0%         3d3       75%         3
 Inner Flame              Hex/Fire       0%         N/A       75%         3
 Alistair's Intoxication  Tmut/Pois      0%         N/A       100%        5
 Yara's Violent Unravell  Hex/Tmut       0%         3d3       100%        5
 Enfeeble                 Hex            0%         N/A       100%        7


Dungeon Overview and Level Annotations

Branches:
Dungeon (8/15)             Temple (1/1) D:6
   Lair: D:8-11

Altars:
Ashenzari
Cheibriados
Dithmenos
Elyvilon
Fedhas
Gozag
Hepliaklqana
Kikubaaqudgha
Makhleb
Okawaru
Qazlal
Ru
Sif Muna
Trog
Uskayaw
Vehumet
Wu Jian
Xom
Yredelemnul
Zin
The Shining One

Shops:
D:4 :

Annotations:
D:4 2 runed translucent doors, Newt's ghost, novice MfFi


Innate Abilities, Weirdness & Mutations

You are a hulking beast.
Your limbs bulge with bestial killing power. (Slay +5)
You cannot wear most types of armour.
You are amphibious.
You can wear up to eight rings at the same time.
Your skin changes colour to match your surroundings (Stealth+).
Your rubbery body absorbs attacks. (AC +1, EV +1)
((You are camouflaged when in or above water. (Stealth+)))
You have tentacles for arms and can constrict up to eight enemies at once.


Message History

You are too injured to fight recklessly!
You are too injured to fight recklessly!
You are too injured to fight recklessly!
You are too injured to fight recklessly!
You are too injured to fight recklessly!
The kobold attacks as you move away! The kobold hits you with a +4 dagger.
* * * LOW HITPOINT WARNING * * *
The wyvern attacks as you move away! The wyvern misses you.
The wyvern completely misses you.
You feel better. The wyvern completely misses you.
The wyvern is engulfed in a cloud of scalding steam.
The wyvern bites you!
* * * LOW HITPOINT WARNING * * *
The kobold hits you with a +0 dagger.
* * * LOW HITPOINT WARNING * * *
The wyvern barely misses you.
The wyvern is engulfed in a cloud of scalding steam.
The wyvern closely misses you.
A red film seems to cover your vision as you go berserk!
You feel yourself moving faster!
You feel mighty! The wyvern closely misses you. The wyvern bites you!
* * * LOW HITPOINT WARNING * * *
The kobold hits you with a +0 dagger.
* * * LOW HITPOINT WARNING * * *
You bludgeon the wyvern!
You kill the wyvern!
The Council accepts your kill.
The wyvern is engulfed in a cloud of scalding steam.
The wyvern bites you.
* * * LOW HITPOINT WARNING * * *
Your Unarmed Combat skill increases to level 6!
An orc wizard comes into view. It is wielding a +0 vampiric dagger.
You tentacle-slap the wyvern. Your squeeze misses the wyvern.
The wyvern is heavily wounded.
The kobold is engulfed in a cloud of scalding steam.
The kobold dies!
The kobold throws a stone.
The stone closely misses you. The steam dragon breathes steam at you.
The ball of steam hits you!!
You die...

............####.....##
.........>...##.......##
.........##.####.........
.............##.......#..
.........)..###.......#..
......(..#.....#####..#
........###...## #...
#.....)..##...# ...
##.....§h.....# ..
#..##.Kl§.###.# ##
#.§)D## ### ......§#
#...###.# #...# #.o ..##
##o. .. #. ..


You could see a steam dragon (catching breath), a wyvern and a kobold.

Vanquished Creatures
  Joseph (D:8)
  2 wyverns
  2 water moccasins
  An orc warrior (D:7)
  A sky beast (D:7)
  3 ogres
  A centaur (D:5)
  2 phantoms
  A kobold brigand (D:8)
  4 bullfrogs (D:7)
  A gnoll sergeant (D:6)
  5 scorpions
  A howler monkey (D:6)
  3 orc priests
  3 hounds
  2 sleepcaps
  Terence (D:2)
  An iguana (D:5)
  7 orc wizards
  Robin (D:2)
  9 adders
  2 worms (D:2)
  A dart slug (D:7)
  23 orcs
  5 endoplasms
  3 giant cockroaches
  13 goblins
  7 hobgoblins
  4 jackals (D:3)
  2 quokkas
  9 ball pythons
  3 bats
  2 frilled lizards
  7 kobolds
  5 rats
138 creatures vanquished.

Vanquished Creatures (others)
  2 kobolds (D:8)
2 creatures vanquished.

Grand Total: 140 creatures vanquished

Notes
Turn   | Place    | Note
-------+----------+-------------------------------------------
     0 | D:1      | garrulousMonolith the Octopode Shapeshifter began the quest
                  | for the Orb.
     0 | D:1      | Reached XP level 1. HP: 13/13 MP: 1/1
   231 | D:1      | Reached XP level 2. HP: 18/18 MP: 2/2
   917 | D:2      | Reached skill level 1 in Stealth
   942 | D:2      | Noticed Robin
   955 | D:2      | Killed Robin
   956 | D:2      | Reached XP level 3. HP: 2/23 MP: 3/3
  1102 | D:2      | Reached XP level 4. HP: 25/28 MP: 4/4
  1223 | D:2      | Found a hazy altar of Hepliaklqana.
  1450 | D:2      | Noticed Terence
  1466 | D:2      | Killed Terence
  1777 | D:3      | Found a broken altar of Ashenzari.
  1778 | D:3      | Found a sacrificial altar of Ru.
  1896 | D:3      | Reached XP level 5. HP: 34/34 MP: 5/5
  2361 | D:3      | Found a faded altar of an unknown god.
  2468 | D:3      | Found a basalt altar of Yredelemnul.
  2651 | D:4      | Found Cerobri's Book Shoppe.
  2863 | D:4      | Found an ancient bone altar of Kikubaaqudgha.
  2863 | D:4      | Found a burning altar of Makhleb.
  2864 | D:4      | Found a radiant altar of Vehumet.
  2908 | D:4      | Reached XP level 6. HP: 32/40 MP: 6/6
  3064 | D:4      | Found a large runed translucent door.
  3064 | D:4      | Found a large runed translucent door.
  3293 | D:4      | Noticed Newt's ghost (novice MfFi)
  3318 | D:5      | Entered Level 5 of the Dungeon
  4097 | D:5      | Reached XP level 7. HP: 20/45 MP: 7/7
  4724 | D:6      | Reached skill level 5 in Shapeshifting
  4739 | D:6      | Found a stormy altar of Qazlal.
  4746 | D:6      | Found a staircase to the Ecumenical Temple.
  4769 | Temple   | Entered the Ecumenical Temple
  4867 | Temple   | Became a worshipper of the Wu Jian Council
  4925 | D:6      | Reached XP level 8. HP: 46/52 MP: 8/8
  5301 | D:6      | Reached skill level 5 in Stealth
  5475 | D:6      | Reached skill level 5 in Unarmed Combat
  5691 | D:6      | Identified the +0 pair of boots "Rank" {-Tele Harm Fly
                  | Stlth+}
  6173 | D:7      | Reached XP level 9. HP: 59/59 MP: 9/9
  6359 | D:7      | Reached skill level 5 in Dodging
  6700 | D:7      | Found a snail-covered altar of Cheibriados.
  6833 | D:7      | Reached skill level 5 in Fighting
  6928 | D:8      | Noticed Joseph
  6940 | D:8      | Killed Joseph
  7013 | D:8      | HP: 2/91 [wyvern (4)]
  7014 | D:8      | Killed from afar by a steam dragon

Illustrated notes

Levels and vault maps discovered:
D:1:      roderic_crop_circles_arrival_small, layout_basic, minmay_crystal_room
D:2:      layout_loops_ring, basic_altar, uniq_robin, uniq_terence
D:3:      layout_loops_ring, yredelemnul_altar_generic,
          chequers_temple_overflow_statue_of_worship,
          ebering_ecumenical_altar_abandoned, minivault_26
D:4:      layout_rooms, gammafunk_temple_overflow_claw, serial_shops, shop,
          ebering_ghost_disaster_area, chequers_serial_rivers_micro_c
D:5:      layout_loops_corners, corexii_checkpoint_a
D:6:      layout_loops_cross, grunt_qazlal_clouds, temple_fountains,
          roderic_lattice_a, st_stairs_14, kennysheep_generic_room_14
D:7:      layout_cave_pods, kennysheep_slug_shrine,
          hangedman_decor_diamond_cutter
D:8:      layout_cave_pools, nemelex_xobeh_ov_fountains_minmay,
          gammafunk_ghost_stat_death, minmay_joined_circles, uniq_pikel,
          uniq_joseph
Temple:   nicolae_temple_god_jail

Skill      XL: |  1  2  3  4  5  6  7  8  9 |
---------------+----------------------------+-----
Stealth        | 1 2 3 4 6 7 |  7.3
Fighting       | 2 3 4 5 |  5.3
Shapeshifting  | 4 5 6 7 |  7.1
Dodging        | 3 4 5 |  5.7
Unarmed Combat | 4 5 6 |  6.0

Action                     |  1- 3 |  4- 6 |  7- 9 || total
---------------------------+-------+-------+-------++-------
  Melee: Unarmed           |    57 |   118 |   153 ||   328
         Constrict         |    13 |    28 |    33 ||    74
         Tentacles         |    12 |    30 |    41 ||    83
         Punch             |     3 |     7 |     6 ||    16
  Throw: Dart              |       |       |     8 ||     8
Ability: Lunge             |       |       |    10 ||    10
    Use: Scroll            |     3 |     1 |     5 ||     9
         Potion            |     1 |     1 |     4 ||     6
   Stab: Sleeping          |     7 |    11 |    13 ||    31
         Distracted        |       |     1 |     1 ||     2
 Armour: Skin              |     2 |     3 |     7 ||    12
  Dodge: Dodged            |    33 |    82 |    89 ||   204

Table legend: (Time is in decaauts)
 A = Elapsed time spent in this place.
 B = Non-inter-level travel time spent in this place.
 C = Inter-level travel time spent in this place.
 D = Time resting spent in this place.
 E = Time spent auto-exploring this place.
 F = Levels seen in this place.
 G = Mean time per level.
                   A        B        C        D        E       F      G
               +--------+--------+--------+--------+--------+-----+--------+
         Total |   6988 |   6756 |    232 |   1012 |   4790 |   9 |  776.4 |
       Dungeon |   6871 |   6657 |    214 |    984 |   4790 |   8 |  858.9 |
        Temple |    116 |     98 |     18 |     28 |      0 |   1 |  116.0 |
               +--------+--------+--------+--------+--------+-----+--------+

Top non-repeatable levels by time:
     D:5: 1230 daAuts
     D:6: 1150 daAuts
     D:7: 1082 daAuts
     D:1: 901 daAuts
     D:3: 872 daAuts
     D:2: 865 daAuts
     D:4: 669 daAuts
  Temple: 116 daAuts
     D:8: 99 daAuts
